 Dungeon Crawl Stone Soup version 0.14.0-12-g87ee3b7 (webtiles) character file.

17806 Bloax the Grappler (level 12, -4/68 HPs)
             Began as a Gargoyle Hunter on Apr 17, 2014.
             Was the Champion of Cheibriados.
             Slain by an orc warrior
             ... wielding a +0,+2 war axe of flaming
              (9 damage)
             ... in a volcano.
             The game lasted 00:44:23 (7383 turns).

Bloax the Grappler (Gargoyle Hunter)                Turns: 7383, Time: 00:44:24

HP  -4/68        AC 22     Str 31      XL: 12   Next: 50%
MP   8/22        EV 18     Int 26      God: Cheibriados [******]
Gold 173         SH  0     Dex 29      Spells:  5 memorised,  9 levels left

rFire  . . .     SeeInvis .       - Unarmed
rCold  . . .     Clarity  .     n - +4 scale mail of Hilair {+Rage Stlth+}
rNeg   + . .     Conserve .     (no shield)
rPois  +         rCorr    .     p - +1 hat
rElec  +         rRot     +     o - +1 cloak
SustAb . .       Spirit   .     (no gloves)
rMut   .         Warding  .     (no boots)
Saprov . . .     Stasis   .     (no amulet)
MR     .....                    g - ring of poison resistance {unknown}
                                x - +5,+5 ring of slaying

@: regenerating, very slightly contaminated, very slow, not resistant to hostile
enchantments, fairly stealthy
A: dopey 1, life protection 1, electricity resistance, spit poison 1,
unbreathing, petrification resistance, AC +8
a: Spit Poison, Bend Time, Temporal Distortion, Slouch, Step From Time, Renounce
Religion, Evoke Berserk Rage


You were in a volcano.
You worshipped Cheibriados.
Cheibriados was exalted by your worship.
You were not hungry.

You visited 3 branches of the dungeon, and saw 14 of its levels.
You also visited: Volcano.

You collected 348 gold pieces.
You spent 175 gold pieces at shops.


Innate Abilities, Weirdness & Mutations

You are resistant to torment.
You are immune to poison.
You are immune to rotting.
Your stone body is very resilient (AC +8).
You resist negative energy.
You are resistant to electric shocks.
You can survive without breathing.
You are immune to petrification.
You are dopey. (Int -2)
You can spit poison.


   Skills:
 - Level 5.1 Fighting
   Level 0.8 Short Blades
 - Level 4.0 Throwing
 - Level 3.4 Armour
 + Level 8.5 Dodging
 - Level 1.1 Stealth
 + Level 13.0 Unarmed Combat
 - Level 3.1 Spellcasting
 - Level 5.0 Charms
 - Level 3.7 Necromancy
 - Level 4.3 Translocations
 + Level 6.9 Invocations


You had 9 spell levels left.
You knew the following spells:

 Your Spells              Type           Power        Failure   Level  Hunger
a - Regeneration          Chrm/Necr      ####......   10%         3    ###....
b - Summon Butterflies    Summ           #.......     17%         1    None
c - Apportation           Tloc           ####......   2%          1    None
d - Blink                 Tloc           N/A          3%          2    #......
e - Confusing Touch       Hex            #.........   17%         1    None


Dungeon Overview and Level Annotations

Branches:
Dungeon (11/15)            Temple (1/1) D:6            Lair (2/8) D:11
    Orc: D:9-12

Altars:
Ashenzari
Cheibriados
Dithmenos
Elyvilon
Fedhas
Kikubaaqudgha
Makhleb
Nemelex Xobeh
Okawaru
Sif Muna
Trog
Vehumet
Xom
Yredelemnul
Zin
The Shining One

Shops:
D:4 !   D:11 ?

Inventory:

Hand weapons
 i - the +7,+8 mace "Goblinslayer" {drain, rF+ rC++}
   (You found it on level 1 of the Lair of Beasts)

   A truly terrible weapon, it drains the life of those it strikes.
   It protects you from fire.
   It greatly protects you from cold.
Missiles
 t - 2 javelins (quivered)
Armour
 n - the +4 scale mail of Hilair (worn) {+Rage Stlth+}
   (You found it on level 9 of the Dungeon)

   It lets you go berserk.
   It makes you much more stealthy.
   Cheibriados disapproves of the use of such an item.
 o - a +1 cloak (worn)
   (You found it on level 6 of the Dungeon)
 p - a +1 hat (worn)
   (You found it on level 1 of the Lair of Beasts)
 D - a +0 shield
   (You found it on level 2 of the Lair of Beasts)
Magical devices
 a - a wand of heal wounds (0)
   (You took it off Sigmund on level 3 of the Dungeon)
 k - a wand of disintegration (4)
   (You found it on level 5 of the Dungeon)
 r - a wand of disintegration (15)
   (You found it on level 11 of the Dungeon)
Comestibles
 f - 3 bread rations
 l - 4 meat rations
Jewellery
 g - a ring of poison resistance (right hand) {unknown}
   (You found it on level 2 of the Lair of Beasts)
 x - a +5,+5 ring of slaying (left hand)
   (You found it on level 8 of the Dungeon)
Potions
 c - 2 potions of resistance
 d - a potion of restore abilities
 h - 2 potions of magic
 v - a potion of brilliance
 z - 3 potions of curing
 C - a potion of heal wounds
Books
 w - a book of Power
   (You found it on level 11 of the Dungeon)

   Spells                             Type                      Level
   Fulminant Prism                    Conjuration/Hexes            4
   Iskenderun's Mystic Blast          Conjuration                  4
   Venom Bolt                         Conjuration/Poison           5
   Bolt of Magma                      Conjuration/Fire/Earth       5
   Iron Shot                          Conjuration/Earth            6
   Orb of Destruction                 Conjuration                  7
Miscellaneous
 s - a phial of floods (inert)
   (You found it on level 11 of the Dungeon)

~~ ¤~¤
~~¤~~
#######
¤¤¤~~.
+...o.+
~~~¤¤¤#
#.8_8@#
~~~~~.#
#..ooo#
~¤¤~¤¤##
###'###
¤¤¤~¤.#.
#.#
¤~¤~¤.#
#.#
¤~¤¤~.#
#.#
¤~~~¤¤#
#.#
¤.~~¤¤#
#.#
¤¤.¤.¤#
#.#


You could see an orc knight and 3 orc warriors.


Message History

You miscast Blink.
You are very lightly contaminated with residual magic.
You feel uncomfortable. The orc warrior barely misses you.
Unknown command.
Casting: Blink You blink.
Unknown command.
Unknown command.
You punch the orc warrior!
The orc warrior is moderately wounded.
Unknown command.
Unknown command.
You closely miss the orc knight.
Your skin is crawling a little less now.
The orc warrior closely misses you.
Unknown command.
You punch the orc knight!
The orc knight is lightly wounded.
The orc knight barely misses you.
Unknown command.
You closely miss the orc knight.
The orc knight is lightly wounded.
The orc knight barely misses you.
Unknown command.
You hit the orc knight but do no damage.
The orc knight is lightly wounded.
The orc warrior hits you with a long sword of flaming!
The orc warrior burns you.
The orc warrior hits you but does no damage.
Unknown command.
You hit the orc knight but do no damage.
The orc knight is lightly wounded.
The orc knight barely misses you. The orc warrior completely misses you.
Unknown command.
You punch the orc knight!
You punch the orc knight, but do no damage.
The orc knight is moderately wounded.
The orc warrior misses you.
You hit the orc knight but do no damage.
The orc knight is moderately wounded.
Your skin stops crawling.
The orc warrior closely misses you. The orc knight closely misses you.
The orc warrior barely misses you.
Unknown command.
Casting: Blink Your skin crawls.
The orc warrior hits you with a long sword of flaming!
The orc warrior burns you.
The orc knight hits you with a glaive of flaming.
The orc knight burns you.
Unknown command.
Unknown command.
You hit the orc knight but do no damage.
You punch the orc knight, but do no damage.
The orc knight is moderately wounded.
The orc warrior closely misses you.
The orc warrior hits you with a long sword of flaming!
* * * LOW HITPOINT WARNING * * *
The orc warrior burns you.
* * * LOW HITPOINT WARNING * * *
You closely miss the orc knight.
The orc knight is moderately wounded.
The orc knight hits you with a glaive of flaming.
* * * LOW HITPOINT WARNING * * *
The orc knight burns you.
* * * LOW HITPOINT WARNING * * *
The orc warrior hits you with a war axe of flaming!
* * * LOW HITPOINT WARNING * * *
The orc warrior burns you!
You die...

Action                   |  1- 3 |  4- 6 |  7- 9 | 10-12 || total
-------------------------+-------+-------+-------+-------++-------
Melee: Short sword       |   107 |       |       |       ||   107
       Unarmed           |    12 |   129 |   561 |   615 ||  1317
Throw: Javelin           |     8 |    21 |    20 |     6 ||    55
       Throwing net      |       |     3 |     1 |       ||     4
 Cast: Regeneration      |       |       |     3 |    45 ||    48
       Blink             |       |       |       |    10 ||    10
       Summon Butterflie |       |       |       |     1 ||     1
Invok: Slouch            |       |       |       |     1 ||     1
Evoke: Wand              |       |       |    21 |     6 ||    27
       Phial of floods   |       |       |       |     1 ||     1
  Use: Potion            |     1 |     8 |     3 |     1 ||    13
       Scroll            |     1 |     7 |    10 |     7 ||    25
 Stab: Confused          |       |       |     2 |       ||     2
       Sleeping          |       |       |       |     2 ||     2

Vault maps used:
D:1:      lightli_arrival_flooded_house
D:2:      kennysheep_big_flooded_room, grunt_dithmenos_smoke, first_bread
D:3:      general_overflow_altar, uniq_natasha, uniq_sigmund, uniq_iyjb
D:4:      lemuel_coloured_pillars_altar, overflow_temple_1_default,
          serial_shops, shop
D:5:      old_standard_altar, minmay_holes
D:6:      serial_park_square1, kennysheep_little_box, minmay_temple_entry_grid
D:7:      grunt_rat_hole
D:8:      minmay_large_rounded_square, nemelex_altar_shiori
D:9:      serial_park_square1, lemuel_crystal_altar, old_standard_altar,
          zin_academy, minmay_tree_intersection
D:11:     lair_0_dummy, serial_shops, nicolae_shop_stone
Temple:   temple_island_7
Lair:1:   basic_altar, minivault_29
Lair:2:   serial_pond, minmay_pond_plants_aa, minmay_pond_plants_n,
          nicolae_volcano_entry_batcave
Volcano:  volcano_lake

Notes
Turn   | Place    | Note
--------------------------------------------------------------
     0 | D:1      | Bloax, the Gargoyle Hunter, began the quest for the Orb.
     0 | D:1      | Reached XP level 1. HP: 12/12 MP: 1/1
   112 | D:1      | Reached skill level 1 in Unarmed Combat
   133 | D:2      | Reached XP level 2. HP: 9/18 MP: 2/2
   198 | D:2      | Reached skill level 2 in Unarmed Combat
   262 | D:3      | Reached XP level 3. HP: 7/22 MP: 3/3
   288 | D:3      | HP: 5/22 [giant gecko (2)]
   289 | D:3      | HP: 2/22 [giant gecko (3)]
   357 | D:3      | Found a radiant altar of Vehumet.
   479 | D:2      | HP: 5/22 [orc/mace (6)]
   486 | D:2      | HP: 3/22 [rat (2)]
   531 | D:2      | HP: 5/22 [giant mite (1)]
   535 | D:2      | Reached skill level 3 in Unarmed Combat
   595 | D:2      | Reached skill level 3 in Fighting
   615 | D:2      | Reached XP level 4. HP: 15/28 MP: 4/4
   697 | D:2      | Noticed a wight
   698 | D:2      | Noticed a hippogriff
   724 | D:2      | Killed a wight
   746 | D:2      | HP: 7/28 [hippogriff (5)]
   760 | D:2      | Found a shadowy altar of Dithmenos.
   771 | D:2      | HP: 4/28 [hippogriff (2)]
   773 | D:2      | Killed a hippogriff
   773 | D:2      | Reached skill level 1 in Armour
   773 | D:2      | Reached skill level 4 in Unarmed Combat
   773 | D:2      | Reached XP level 5. HP: 4/33 MP: 5/5
   793 | D:2      | Reached skill level 2 in Armour
   793 | D:2      | Reached XP level 6. HP: 6/38 MP: 6/6
   906 | D:2      | Reached skill level 4 in Fighting
   964 | D:3      | Noticed Natasha
   970 | D:3      | Killed Natasha
   973 | D:3      | Noticed Sigmund
   988 | D:3      | HP: 6/38 [something/puff of flame (6)]
   990 | D:3      | HP: 2/38 [something (3)]
   996 | D:3      | HP: 9/38 [something/magic dart (3)]
  1002 | D:3      | HP: 4/38 [something (1)]
  1008 | D:3      | Killed Sigmund
  1008 | D:3      | Reached skill level 5 in Unarmed Combat
  1029 | D:3      | Noticed Ijyb
  1039 | D:3      | Killed Ijyb
  1227 | D:4      | Reached XP level 7. HP: 15/44 MP: 7/7
  1380 | D:4      | Found Ibralaci's Distillery.
  1394 | D:4      | Bought a potion of heal wounds for 30 gold pieces
  1547 | D:4      | Reached skill level 3 in Armour
  1547 | D:4      | Reached skill level 6 in Unarmed Combat
  1583 | D:4      | Found a sparkling altar of Nemelex Xobeh.
  1627 | D:4      | Reached skill level 5 in Fighting
  1645 | D:4      | Learned a level 2 spell: Blink
  1647 | D:4      | Learned a level 1 spell: Summon Butterflies
  1649 | D:4      | Learned a level 1 spell: Apportation
  1695 | D:4      | Found a glowing golden altar of the Shining One.
  1803 | D:5      | Entered Level 5 of the Dungeon
  1852 | D:5      | Found a shimmering altar of Xom.
  1897 | D:6      | Found a staircase to the Ecumenical Temple.
  1906 | Temple   | Entered the Ecumenical Temple
  1940 | Temple   | Became a worshipper of Cheibriados the Contemplative
  2231 | D:6      | HP: 11/44 [gnoll sergeant/runed spear (1)]
  2265 | Temple   | Learned a level 3 spell: Regeneration
  2361 | D:6      | Reached skill level 7 in Unarmed Combat
  2361 | D:6      | Reached XP level 8. HP: 23/49 MP: 8/8
  2381 | D:6      | Reached skill level 1 in Necromancy
  2413 | D:6      | Found an ancient bone altar of Kikubaaqudgha.
  2417 | D:6      | Paralysed by a giant eyeball for 2 turns
  2503 | D:6      | Reached skill level 2 in Dodging
  2559 | D:6      | Paralysed by a giant eyeball for 4 turns
  2646 | D:6      | HP: 12/49 [scorpion (7)]
  2843 | D:7      | Reached skill level 2 in Necromancy
  2875 | D:7      | Reached skill level 8 in Unarmed Combat
  2914 | D:7      | Paralysed by a giant eyeball for 4 turns
  2948 | D:7      | Reached skill level 3 in Dodging
  3181 | D:8      | Reached XP level 9. HP: 39/54 MP: 9/9
  3197 | D:8      | Reached skill level 1 in Charms
  3290 | D:8      | Reached skill level 3 in Necromancy
  3696 | D:5      | You fall through a shaft!
  3728 | D:8      | Reached skill level 9 in Unarmed Combat
  3861 | D:8      | Reached skill level 2 in Charms
  3893 | D:8      | Acquired Cheibriados' first power
  4046 | D:8      | Reached skill level 4 in Dodging
  4138 | D:8      | Found a sparkling altar of Nemelex Xobeh.
  4262 | D:9      | cursed ha ha got me didn't you
  4273 | D:9      | WOW!!!
  4318 | D:9      | Reached skill level 1 in Spellcasting
  4342 | D:9      | Gained mutation: You can spit poison. [mutagenic meat]
  4343 | D:9      | Gained mutation: You are dopey. (Int -2) [mutagenic meat]
  4374 | D:9      | Found a basalt altar of Yredelemnul.
  4434 | D:9      | Found a glowing silver altar of Zin.
  4470 | D:9      | Found a bloodstained altar of Trog.
  4498 | D:10     | Entered Level 10 of the Dungeon
  4498 | D:10     | Noticed a hill giant
  4536 | D:10     | Reached skill level 3 in Charms
  4572 | D:10     | Reached skill level 2 in Spellcasting
  4573 | D:10     | Noticed a hill giant
  4582 | D:10     | HP: 7/54 [hill giant/giant spiked club (12)]
  4584 | D:10     | Killed a hill giant
  4584 | D:10     | Reached XP level 10. HP: 7/59 MP: 14/17
  4841 | D:10     | Acquired Cheibriados' second power
  4841 | D:10     | Reached skill level 10 in Unarmed Combat
  4899 | D:10     | Noticed a hill giant
  4910 | D:10     | Killed a hill giant
  4910 | D:10     | Reached skill level 5 in Dodging
  4910 | D:10     | Reached skill level 3 in Spellcasting
  4910 | D:10     | Reached skill level 4 in Charms
  5107 | D:7      | Noticed a gargoyle
  5113 | D:7      | Killed a gargoyle
  5113 | D:7      | Reached skill level 1 in Translocations
  5188 | D:4      | Bought a potion of resistance for 70 gold pieces
  5188 | D:4      | Bought a potion of curing for 20 gold pieces
  5188 | D:4      | Bought a potion of magic for 55 gold pieces
  5452 | D:9      | Got a heavily runed scale mail
  5465 | D:9      | Identified the +4 scale mail of Hilair {+Rage Stlth+} (You found it on level 9 of the Dungeon)
  5477 | D:9      | it'll do
  5477 | D:9      | for now
  5550 | D:10     | HP: 5/59 [hill giant/giant club (35)]
  5564 | D:10     | Killed a hill giant
  5564 | D:10     | Reached skill level 2 in Translocations
  5599 | D:10     | up yours
  5654 | D:10     | Reached skill level 5 in Charms
  5671 | D:10     | Noticed a hill giant
  5673 | D:10     | Noticed a shock serpent
  5673 | D:10     | a hill giant changed into a shock serpent
  5674 | D:10     | eeeeeeeeeeeeeeeeeeee
  5676 | D:10     | Noticed a glowing shapeshifter
  5676 | D:10     | a shock serpent changed into a glowing shapeshifter
  5677 | D:10     | Noticed an anaconda
  5677 | D:10     | a glowing shapeshifter changed into an anaconda
  5678 | D:10     | an anaconda changed into a pulsating lump
  5681 | D:10     | Noticed a moth of wrath
  5681 | D:10     | a pulsating lump changed into a moth of wrath
  5683 | D:10     | Killed a moth of wrath
  5683 | D:10     | Reached skill level 3 in Translocations
  5685 | D:10     | hah
  5715 | D:11     | Reached skill level 6 in Dodging
  5718 | D:11     | Reached XP level 11. HP: 32/63 MP: 10/20
  5745 | D:11     | Reached skill level 11 in Unarmed Combat
  5774 | D:11     | Reached skill level 4 in Translocations
  5805 | D:11     | Found a staircase to the Lair.
  5871 | D:11     | Acquired Cheibriados' third power
  5884 | D:11     | Noticed a hill giant
  5892 | D:11     | Killed a hill giant
  5892 | D:11     | Reached skill level 1 in Invocations
  5905 | D:11     | Found Evvianus' Magic Scroll Emporium.
  6006 | D:11     | Killed an unseen horror
  6006 | D:11     | Reached skill level 2 in Invocations
  6231 | D:11     | Reached skill level 7 in Dodging
  6231 | D:11     | Reached skill level 3 in Invocations
  6303 | Lair:1   | Entered Level 1 of the Lair of Beasts
  6330 | Lair:1   | Found a shimmering altar of Xom.
  6452 | Lair:1   | Reached skill level 4 in Invocations
  6538 | Lair:1   | Got an iridescent mace
  6539 | Lair:1   | Identified the +7,+8 mace "Goblinslayer" {drain, rF+ rC++} (You found it on level 1 of the Lair of Beasts)
  6540 | Lair:1   | lol
  6575 | Lair:1   | Noticed a six-headed hydra
  6625 | Lair:1   | HP: 9/63 [six-headed hydra (8)]
  6628 | Lair:1   | Killed a six-headed hydra
  6628 | Lair:1   | Reached skill level 12 in Unarmed Combat
  6725 | Lair:1   | Reached skill level 5 in Invocations
  6743 | Lair:1   | Reached XP level 12. HP: 52/68 MP: 7/21
  6803 | Lair:1   | Reached skill level 8 in Dodging
  6833 | Lair:1   | Reached skill level 6 in Invocations
  6942 | Lair:2   | Learned a level 1 spell: Confusing Touch
  7254 | Lair:2   | Found a dark tunnel.
  7274 | Volcano  | Entered a volcano
  7334 | Volcano  | Reached skill level 13 in Unarmed Combat
  7368 | Volcano  | Found a burning altar of Makhleb.
  7383 | Volcano  | HP: 5/68 [orc warrior/war axe of flaming (18)]
  7383 | Volcano  | Slain by an orc warrior

Vanquished Creatures
  A hydra (Lair:1)
  An unseen horror (D:11)
  4 hill giants
  A manticore (D:11)
  A gargoyle (D:7)
  A moth of wrath (shapeshifter) (D:10)
  A spiny frog (Lair:1)
  A queen ant (Lair:1)
  A centaur skeleton (D:10)
  2 komodo dragons (Lair:2)
  A basilisk (Lair:2)
  A deep elf mage (D:10)
  6 fire bats
  13 yaks
  A hungry ghost (D:11)
  A shark (Lair:2)
  6 ugly things (D:11)
  5 hippogriffs
  20 soldier ants (Lair:1)
  A necrophage (D:6)
  A water moccasin (Lair:1)
  An ice beast (D:8)
  3 ogres
  2 orc warriors (D:8)
  A yellow wasp (D:8)
  A sky beast (D:9)
  3 phantoms
  5 centaurs
  3 black bears
  4 giant frogs
  Sigmund (D:3)
  3 crocodiles (Lair:1)
  3 lava worms (Volcano)
  A gnoll sergeant (D:6)
  2 scorpions
  6 killer bees (D:11)
  A yak skeleton (D:8)
  A hippogriff skeleton (D:8)
  4 wights
  4 goliath beetles
  2 lava snakes (Volcano)
  An electric eel (Lair:2)
  A centaur zombie (D:7)
  2 crimson imps
  2 orc priests
  3 hounds
  A gnoll shaman (D:7)
  A jelly (D:9)
  27 worker ants
  Natasha (D:3)
  9 orc wizards
  5 iguanas
  Ijyb (D:3)
  A mottled dragon skeleton (D:11)
  30 green rats
  9 adders
  9 gnolls
  An inept feature mimic (D:2)
  A shadow imp (D:5)
  3 giant mites
  5 worms
  An adder skeleton (D:10)
  2 adder zombies
  3 giant eyeballs
  20 orcs
  A bat skeleton (D:7)
  A bat zombie (D:7)
  5 giant cockroaches
  8 hobgoblins
  25 jackals
  10 kobolds
  10 quokkas
  2 ball pythons (D:4)
  14 bats
  3 giant geckos
  6 giant newts
  6 goblins
  A hobgoblin skeleton (D:5)
  A hobgoblin zombie (D:7)
  An orc skeleton (D:10)
  10 rats
  A rat zombie (D:5)
365 creatures vanquished.

Vanquished Creatures (collateral kills)
  A lava worm (Volcano)
  A lava snake (Volcano)
2 creatures vanquished.

Vanquished Creatures (others)
  A water elemental (Volcano)
1 creature vanquished.

Grand Total: 368 creatures vanquished
